General information
- name: BNet
- type: Ladder team game (AT/RT)
- host: Battle.net
- saver: skrt
map: GolemsInTheMist_LV
- players: 8
- length: 21:21
- speed: Fast
- version: 1.10030 W3XP
- replay type: Public
» download(258 KB)
Players
team 1 (winner)

»
skrt (
pink | 158 APM | 3382 actions | 21:21)
6 Keeper of the Grove
2 Force of Nature
3 Entangling Roots
1 Tranquility
3 Priestess of the Moon
1 Searing Arrows
2 Trueshot Aura
» actions
| Assign group hotkey | 50 | |
| Basic commands | 375 | |
| Build / train | 107 | |
| ESC pressed | 3 | |
| Enter build submenu | 20 | |
| Enter hero's abilities submenu | 10 | |
| Remove unit from queue | 2 | |
| Right click | 1392 | |
| Select / deselect | 710 | |
| Select group hotkey | 657 | |
| Use ability | 56 | |
3382 total
» units
| Wisp | 35 | |
| Archer | 22 | |
| Hippogryph | 11 | |
| Dryad | 7 | |
| Glaive Thrower | 5 | |
80 total
» upgrades
| Improved Bows | 1 | |
| Strength of the Moon | 2 | |
| Strength of the Wild | 1 | |
| Marksmanship | 1 | |
5 total
» buildings
| Altar of Elders | 1 | |
| Moon Well | 6 | |
| Ancient of War | 3 | |
| Tree of Ages | 3 | |
| Tree of Life | 2 | |
| Ancient of Wonders | 1 | |
| Hunter's Hall | 1 | |
| Ancient of Wind | 1 | |
| Tree of Eternity | 1 | |
| Ancient of Lore | 2 | |
21 total
» build order
00:07 Altar of Elders
00:09 Moon Well
00:26 Ancient of War
01:41 Moon Well
03:30 Tree of Ages
03:39 Tree of Life
03:59 Tree of Ages
03:59 Tree of Ages
04:27 Moon Well
04:30 Ancient of Wonders
05:06 Hunter's Hall
06:52 Ancient of Wind
08:50 Tree of Eternity
11:30 Moon Well
11:46 Moon Well
12:23 Moon Well
13:59 Ancient of Lore
14:00 Ancient of Lore
14:23 Tree of Life
17:26 Ancient of War
18:35 Ancient of War
» items
| Scroll of Town Portal | 2 | |
| Orb of Venom | 1 | |
| Anti-magic Potion | 1 | |
| Potion of Mana | 1 | |
5 total
BC(TY) (
purple | 53 APM | 1141 actions | 21:20)
5 Far Seer
2 Feral Spirit
3 Chain Lighting
2 Tauren Chieftain
1 Endurance Aura
1 War Stomp
» actions
| Assign group hotkey | 53 | |
| Build / train | 71 | |
| Enter build submenu | 17 | |
| Enter hero's abilities submenu | 7 | |
| Give item / drop item | 1 | |
| Remove unit from queue | 1 | |
| Right click | 550 | |
| Select / deselect | 249 | |
| Select group hotkey | 136 | |
| Use ability | 56 | |
1141 total
» units
| Peon | 10 | |
| Grunt | 11 | |
| Shaman | 5 | |
| Tauren | 4 | |
| Troll Batrider | 13 | |
43 total
» upgrades
| Shaman Training | 2 | |
| Melee Weapons | 2 | |
| Pulverize | 1 | |
| Armor | 1 | |
6 total
» buildings
| Altar of Storms | 2 | |
| Orc Burrow | 6 | |
| Barracks | 1 | |
| Voodoo Lounge | 1 | |
| Stronghold | 1 | |
| War Mill | 2 | |
| Fortress | 1 | |
| Spirit Lodge | 1 | |
| Tauren Totem | 1 | |
| Beastiary | 1 | |
17 total
» build order
00:07 Altar of Storms
00:10 Altar of Storms
00:13 Orc Burrow
00:52 Barracks
01:18 Orc Burrow
01:31 Voodoo Lounge
02:35 Orc Burrow
06:02 Stronghold
06:50 War Mill
06:52 Orc Burrow
08:07 War Mill
08:26 Fortress
08:30 Spirit Lodge
09:03 Tauren Totem
09:44 Orc Burrow
16:18 Beastiary
20:06 Orc Burrow
» items
| Healing Salve | 3 | |
| Lesser Clarity Potion | 2 | |
| Scroll of Speed | 1 | |
| Orb of Lightning | 1 | |
| Potion of Healing | 1 | |
| Scroll of Town Portal | 1 | |
| Tiny Great Hall | 1 | |
10 total

»
ggplot (
red | 83 APM | 1778 actions | 21:20)
5 Keeper of the Grove
3 Entangling Roots
2 Force of Nature
4 Naga Sea Witch
2 Frost Arrows
2 Forked Lightning
» actions
| Assign group hotkey | 9 | |
| Basic commands | 52 | |
| Build / train | 79 | |
| ESC pressed | 3 | |
| Enter build submenu | 13 | |
| Enter hero's abilities submenu | 10 | |
| Remove unit from queue | 3 | |
| Right click | 953 | |
| Select / deselect | 532 | |
| Select group hotkey | 38 | |
| Use ability | 86 | |
1778 total
» units
| Wisp | 9 | |
| Archer | 12 | |
| Huntress | 14 | |
| Hippogryph | 22 | |
57 total
» upgrades
| Strength of the Moon | 1 | |
| Improved Bows | 1 | |
| Strength of the Wild | 1 | |
| Reinforced Hides | 0 | |
| Moon Armor | 1 | |
4 total
» buildings
| Altar of Elders | 1 | |
| Moon Well | 5 | |
| Ancient of War | 2 | |
| Ancient of Wonders | 1 | |
| Hunter's Hall | 1 | |
| Tree of Ages | 1 | |
| Ancient of Wind | 2 | |
| Tree of Eternity | 1 | |
14 total
» build order
00:06 Altar of Elders
00:09 Moon Well
00:32 Ancient of War
01:31 Moon Well
01:49 Ancient of Wonders
02:28 Hunter's Hall
03:18 Ancient of War
03:39 Moon Well
05:39 Tree of Ages
06:29 Moon Well
09:44 Ancient of Wind
11:33 Ancient of Wind
12:34 Moon Well
13:25 Tree of Eternity
» items
Watch (
teal | 141 APM | 3005 actions | 21:20)
5 Death Knight
3 Death Coil
1 Unholy Aura
1 Death Pact
3 Lich
2 Frost Nova
1 Frost Armor
2 Crypt Lord
1 Impale
1 Spiked Carapace
» actions
| Assign group hotkey | 40 | |
| Basic commands | 8 | |
| Build / train | 71 | |
| ESC pressed | 1 | |
| Enter build submenu | 18 | |
| Enter hero's abilities submenu | 10 | |
| Give item / drop item | 8 | |
| Right click | 1477 | |
| Select / deselect | 224 | |
| Select group hotkey | 1065 | |
| Use ability | 83 | |
3005 total
» units
| Acolyte | 12 | |
| Ghoul | 3 | |
| Crypt Fiend | 12 | |
| Obsidian Statue | 2 | |
| Gargoyle | 1 | |
30 total
» upgrades
| Creature Attack | 2 | |
| Creature Carapace | 2 | |
| Web | 1 | |
| Destroyer Form | 1 | |
6 total
» buildings
| Graveyard | 1 | |
| Crypt | 3 | |
| Altar of Darkness | 1 | |
| Ziggurat | 6 | |
| Tomb of Relics | 1 | |
| Halls of the Dead | 1 | |
| Black Citadel | 1 | |
| Slaughterhouse | 1 | |
| Nerubian Tower | 1 | |
| Spirit Tower | 3 | |
| Necropolis | 2 | |
21 total
» build order
00:07 Graveyard
00:09 Crypt
00:41 Altar of Darkness
00:57 Ziggurat
01:34 Tomb of Relics
02:02 Ziggurat
04:20 Halls of the Dead
05:17 Ziggurat
06:58 Black Citadel
10:28 Slaughterhouse
11:19 Ziggurat
11:31 Nerubian Tower
11:32 Spirit Tower
11:41 Spirit Tower
12:12 Spirit Tower
14:23 Ziggurat
18:40 Crypt
18:40 Crypt
19:33 Necropolis
20:55 Ziggurat
21:09 Necropolis
» items
| Rod of Necromancy | 6 | |
| Sacrificial Skull | 1 | |
| Circlet of Nobility | 1 | |
| Potion of Healing | 2 | |
| Orb of Corruption | 1 | |
| Scroll of Healing | 2 | |
| Potion of Mana | 1 | |
14 total
team 2 (loser)

»
HellaBitcoin (
blue | 74 APM | 867 actions | 11:40)
3 Paladin
2 Devotion Aura
1 Holy Light
1 Mountain King
1 Storm Bolt
» actions
| Assign group hotkey | 19 | |
| Basic commands | 5 | |
| Build / train | 41 | |
| Enter build submenu | 18 | |
| Enter hero's abilities submenu | 4 | |
| Right click | 297 | |
| Select / deselect | 199 | |
| Select group hotkey | 235 | |
| Use ability | 49 | |
867 total
» units
» upgrades
| Armor | 1 | |
| Masonry | 1 | |
| Gunpowder | 1 | |
| Long Rifles | 1 | |
4 total
» buildings
| Altar of Kings | 1 | |
| Farm | 6 | |
| Blacksmith | 1 | |
| Barracks | 1 | |
| Arcane Vault | 1 | |
| Lumber Mill | 2 | |
| Scout Tower | 3 | |
| Arcane Tower | 1 | |
| Guard Tower | 2 | |
| Keep | 1 | |
19 total
» build order
00:18 Altar of Kings
00:20 Farm
00:56 Blacksmith
01:17 Barracks
01:31 Farm
01:46 Arcane Vault
01:59 Lumber Mill
02:11 Lumber Mill
02:30 Scout Tower
02:45 Farm
03:12 Arcane Tower
03:15 Scout Tower
03:50 Guard Tower
04:47 Scout Tower
04:56 Farm
06:28 Keep
07:20 Farm
07:57 Guard Tower
08:11 Farm
» items
| Scroll of Regeneration | 2 | |
| Lesser Clarity Potion | 1 | |
| Potion of Mana | 2 | |
| Potion of Healing | 2 | |
7 total

»
apeemlo (
yellow | 82 APM | 1758 actions | 21:20)
6 Death Knight
3 Death Coil
3 Unholy Aura
4 Lich
2 Frost Nova
2 Frost Armor
» actions
| Assign group hotkey | 28 | |
| Basic commands | 34 | |
| Build / train | 52 | |
| ESC pressed | 2 | |
| Enter build submenu | 13 | |
| Enter hero's abilities submenu | 10 | |
| Give item / drop item | 3 | |
| Right click | 958 | |
| Select / deselect | 189 | |
| Select group hotkey | 408 | |
| Use ability | 61 | |
1758 total
» units
| Acolyte | 9 | |
| Ghoul | 4 | |
| Crypt Fiend | 16 | |
| Frost Wyrm | 2 | |
31 total
» upgrades
» buildings
| Altar of Darkness | 1 | |
| Ziggurat | 4 | |
| Crypt | 1 | |
| Graveyard | 1 | |
| Tomb of Relics | 1 | |
| Nerubian Tower | 1 | |
| Halls of the Dead | 1 | |
| Black Citadel | 1 | |
| Sacrificial Pit | 1 | |
| Necropolis | 2 | |
| Boneyard | 1 | |
15 total
» build order
00:11 Altar of Darkness
00:13 Ziggurat
00:40 Crypt
01:07 Graveyard
01:19 Ziggurat
02:11 Tomb of Relics
02:19 Nerubian Tower
03:21 Halls of the Dead
04:24 Ziggurat
05:06 Ziggurat
07:47 Black Citadel
08:26 Sacrificial Pit
08:32 Necropolis
10:15 Boneyard
16:40 Necropolis
» items
| Rod of Necromancy | 1 | |
| Scroll of Town Portal | 2 | |
| Orb of Corruption | 1 | |
| Scroll of Regeneration | 1 | |
5 total
KUDOS_FORSAKEN (
orange | 88 APM | 1864 actions | 21:17)
6 Archmage
3 Summon Water Elemental
2 Brilliance Aura
1 Mass Teleport
3 Mountain King
2 Storm Bolt
1 Bash
3 Paladin
2 Holy Light
1 Divine Shield
» actions
| Assign group hotkey | 30 | |
| Build / train | 94 | |
| Enter build submenu | 23 | |
| Enter hero's abilities submenu | 12 | |
| Give item / drop item | 4 | |
| Right click | 821 | |
| Select / deselect | 247 | |
| Select group hotkey | 506 | |
| Use ability | 127 | |
1864 total
» units
| Peasant | 16 | |
| Footman | 9 | |
| Gryphon Rider | 13 | |
38 total
» upgrades
| Masonry | 2 | |
| Swords | 2 | |
| Lumber Harvesting | 1 | |
| Storm Hammers | 1 | |
| Armor | 3 | |
| Animal War Training | 1 | |
10 total
» buildings
| Altar of Kings | 1 | |
| Farm | 9 | |
| Barracks | 1 | |
| Scout Tower | 6 | |
| Arcane Tower | 1 | |
| Town Hall | 1 | |
| Lumber Mill | 1 | |
| Keep | 1 | |
| Guard Tower | 4 | |
| Arcane Vault | 1 | |
| Blacksmith | 1 | |
| Castle | 1 | |
| Gryphon Aviary | 3 | |
31 total
» build order
00:08 Altar of Kings
00:13 Farm
00:21 Barracks
00:52 Farm
01:33 Farm
02:01 Scout Tower
02:55 Arcane Tower
03:28 Town Hall
03:50 Lumber Mill
04:05 Scout Tower
04:06 Scout Tower
04:40 Keep
04:56 Guard Tower
05:00 Guard Tower
05:15 Arcane Vault
05:19 Farm
05:37 Scout Tower
05:37 Scout Tower
05:38 Scout Tower
06:33 Guard Tower
06:41 Blacksmith
07:40 Castle
08:30 Gryphon Aviary
08:50 Gryphon Aviary
08:51 Gryphon Aviary
09:27 Guard Tower
09:31 Farm
09:36 Farm
10:58 Farm
11:52 Farm
12:26 Farm
» items
| Scroll of Regeneration | 8 | |
| Lesser Clarity Potion | 11 | |
| Scroll of Town Portal | 2 | |
| Potion of Healing | 2 | |
23 total
BlizzIsAwful (
green | 43 APM | 513 actions | 11:57)
2 Mountain King
1 Storm Bolt
1 Bash
» actions
| Build / train | 26 | |
| Enter build submenu | 14 | |
| Enter hero's abilities submenu | 2 | |
| Give item / drop item | 1 | |
| Right click | 288 | |
| Select / deselect | 149 | |
| Use ability | 33 | |
513 total
» units
» buildings
| Altar of Kings | 1 | |
| Farm | 7 | |
| Scout Tower | 1 | |
| Barracks | 2 | |
| Blacksmith | 1 | |
| Arcane Tower | 1 | |
| Arcane Vault | 1 | |
14 total
» build order
00:30 Altar of Kings
00:34 Farm
00:38 Farm
00:42 Scout Tower
00:46 Farm
00:49 Barracks
01:44 Farm
02:07 Blacksmith
02:23 Farm
02:26 Barracks
02:43 Arcane Tower
03:11 Farm
03:27 Arcane Vault
03:53 Farm
» items
Chat log
(00:12 / Allies) ggplot: sup guys
(00:25 / Allies) BC(TY): im massing rushing
(00:29 / Allies) ggplot: down
(00:31 / Allies) BC(TY): you guys follow or not
(00:34 / Allies) ggplot: lol
(00:36 / Allies) BC(TY): there not comeback for me
(00:39 / Allies) BC(TY): if i die i die
(00:40 / Allies) ggplot: loll
(00:43 / Allies) ggplot: aight aight
(00:44 / Allies) ggplot: units?
(00:45 / Allies) BC(TY): all in
(00:51 / Allies) Watch: K
(00:53 / Allies) ggplot: aight
(00:59 / Allies) ggplot: 2 aow hunts then
(01:00 / Allies) Watch: WENT FIENDS
(01:08 / Allies) ggplot: lvl 2 rush?
(01:08 / Allies) BC(TY): im going in 5minutes
(01:12 / Allies) ggplot: ok good
(01:15 / Allies) ggplot: hero pink?
(01:19 / Allies) Watch: GIVE 1 MIN WARNNG
(01:21 / Allies) Watch: COACH
(01:23 / Allies) BC(TY): k
(02:09 / Allies) Watch: WHO LISTEN TO CHRIS STAPLETON
(02:14 / Allies) BC(TY): 3min to go
(02:16 / Allies) ggplot: i do sometimes
(02:35 / Allies) Watch: OR WAS IT 26
(03:06 / Allies) BC(TY): 2min
(03:46 / Allies) BC(TY): 1min
(03:49 / Allies) ggplot: lol
(03:53 / Allies) ggplot: that wasnt 1 min L'(
(03:55 / Allies) ggplot: :'(
(04:01 / Allies) ggplot: meet?
(04:05 / Allies) BC(TY): 40 sec
(04:10 / Allies) Watch: COME
(04:21 / Allies) BC(TY): 20
(04:30 / Allies) BC(TY): 15
(04:44 / Allies) ggplot: k k go
(04:44 / Allies) BC(TY): GOOOO
(04:45 / Allies) BC(TY): ALLL IN
(04:49 / All) BC(TY): for the horde
(04:56 / All) BlizzIsAwful: NIGGA
(05:06 / Allies) ggplot: wait for us?
(06:13 / Allies) Watch: MOVE
(06:18 / Allies) BC(TY): NO TP
(07:32 / Allies) ggplot: dk
(09:21 / All) Watch: BYE
(09:54 / Allies) BC(TY): WOOD
(10:48 / All) Watch: BYE
(11:36 / Allies) BC(TY): MISSION ACOMPLISH
(11:42 / Allies) ggplot: gj boyz
(11:50 / All) ggplot: gg
(12:35 / Allies) skrt: why
(12:46 / Allies) skrt: STOP HITTIING
(12:47 / Allies) skrt: A DEAD BASE
(12:59 / Allies) ggplot: was just the shop
(13:00 / Allies) ggplot: realx
(13:32 / All) Watch: BYE
(13:33 / All) Watch: NUB
(13:40 / All) skrt: IF UR GONNA MICRO LIKE THATBYELLOW
(13:44 / All) skrt: JUST QUIT
(13:56 / All) Watch: I WILL EXPO ON UR EXP
(13:56 / All) skrt: I HAVE AN EXPO
(14:03 / All) apeemlo: congrats
(14:08 / All) Watch: COMMISERATIONS
(14:16 / All) BC(TY): easiest game of my life
(14:44 / All) Watch: QUET
(15:53 / All) Watch: GOOD TRY
(15:57 / All) ggplot: Gg
(16:32 / Allies) Watch: GO BACKIN SEC
(16:34 / Allies) Watch: NEEEDD AA TOGETHER
(16:50 / Allies) Watch: B
(17:42 / All) ggplot: more acos?
(18:19 / Allies) Watch: B
(19:03 / Allies) skrt: CHECK
(19:10 / Allies) ggplot: gold?
(19:16 / Allies) ggplot: pink pls?
(19:29 / Allies) ggplot: thx
(20:30 / All) skrt: OMEGALUL
(20:44 / Allies) ggplot: altar